Map: 카탈리스트 - 래더

Players

Optimus

  • Race: Terran Terran
  • League: Master
  • Spawn Location: 5:00

Bunny - Winner!

  • Race: Terran Terran
  • League: Diamond
  • Spawn Location: 11:00

Event: HomeStory Cup XVII

VOD

Have the link to the VOD?

Description

Time

  • Played on: June 28, 2018, 3:47 p.m.
  • Length: 12:19

All games in this series

Show
View Real Time Build Order
Export as new Build Order

Optimus Terran 

Build Orders: Cyclone Opening, MMM Bio 

Get SALT Encoding   

  12  0:00  SCV  
  13  0:13  SCV  
  14  0:17  Supply Depot  
  14  0:25  SCV  
  15  0:30  Refinery  
  15  0:39  SCV  
  16  0:44  Barracks  
  16  0:51  SCV  
  16  0:55  Refinery  
  17  1:03  SCV  
  18  1:15  SCV  
  19  1:31  Reaper  
  19  1:32  Orbital Command  
  20  1:36  Factory  
  20  1:47  Supply Depot  
  20  1:58  SCV  
  21  2:03  Reaper  
  22  2:10  SCV  
  23  2:19  Cyclone  
  23  2:22  SCV  
  27  2:33  Command Center  
  27  2:36  SCV  
  28  2:38  Barracks Reactor  
  28  2:46  Supply Depot  
  28  2:54  Cyclone  
  31  3:06  Starport  
  31  3:18  Marine x2  
  33  3:20  SCV  
  33  3:24  Supply Depot  
  33  3:27  Cyclone  
  38  3:38  Marine  
  38  3:39  Marine  
  39  3:44  Medivac  
  39  3:45  SCV  
  39  3:48  Orbital Command  
  42  3:57  SCV  
  42  3:59  Marine x2, Factory Tech Lab  
  45  4:09  SCV  
  46  4:14  Barracks  
  46  4:21  Siege Tank, SCV  
  46  4:23  SCV  
  51  4:29  Supply Depot  
  51  4:33  Refinery  
  51  4:38  SCV  
  51  4:42  Viking  
  51  4:44  Viking  
  56  4:49  SCV  
  57  4:53  SCV  
  57  4:56  Marine  
  59  5:01  Barracks  
  59  5:02  SCV  
  59  5:05  SCV  
  59  5:12  Marine  
  59  5:14  SCV, Marine  
  51  5:16  Viking  
  51  5:18  SCV  
  51  5:26  Siege Tank, SCV  
  52  5:30  Barracks Tech Lab, SCV  
  53  5:38  SCV  
  54  5:49  Marine, Barracks Reactor  
  53  5:50  Stimpack  
  53  5:52  SCV  
  53  5:53  Barracks  
  53  5:54  Starport Reactor, Barracks  
  53  5:55  Marine x2  
  57  5:58  SCV  
  58  6:04  SCV  
  58  6:05  Siege Tank  
  58  6:07  Marine  
  58  6:10  SCV  
  64  6:13  Marine x2  
  64  6:16  Engineering Bay, SCV  
  67  6:24  SCV  
  67  6:25  Marine  
  69  6:26  Marine  
  69  6:27  Supply Depot  
  70  6:42  Terran Infantry Weapons Level 1, Supply Depot  
  70  6:45  Barracks Reactor x2  
  70  6:48  Marine x4  
  70  6:49  Siege Tank, SCV  
  70  6:50  Supply Depot  
  70  6:53  Refinery  
  78  7:04  SCV, Marine  
  78  7:05  Supply Depot  
  78  7:06  Supply Depot, Marine x4  
  82  7:09  Medivac  
  82  7:10  Medivac  
  86  7:19  SCV  
  86  7:21  Marine  
  86  7:22  Marine x4  
  89  7:24  Supply Depot  
  89  7:29  Marine x2  
  94  7:35  Siege Tank  
  97  7:43  Marine x5  
  101  7:49  Marauder  
  101  7:50  Combat Shield  
  103  7:56  Marine x3  
  104  8:01  Marine  
  104  8:05  Command Center  
  105  8:11  Marine x3  
  107  8:13  Marauder  
  107  8:17  Siege Tank  
  112  8:26  Marine  
  112  8:27  Marine x4  
  111  8:28  Marine  
  114  8:44  Marine  
  114  8:45  Marauder  
  116  8:50  Supply Depot x2  
  115  8:59  Armory, Engineering Bay  
  115  9:01  Barracks Tech Lab  
  115  9:02  Barracks Tech Lab, Terran Infantry Armor Level 1  
  115  9:06  Marauder, SCV  
  115  9:09  Concussive Shells  
  118  9:11  SCV  
  118  9:12  Medivac x2  
  123  9:18  SCV  
  123  9:19  Marine x2  
  123  9:24  SCV  
  127  9:31  Supply Depot  
  127  9:33  Marauder  
  127  9:34  Marauder  
  133  9:38  Marauder  
  133  9:40  Marine  
  133  9:43  Marine  
  135  9:50  Medivac x2  
  133  9:55  Orbital Command  
  133  9:57  SCV x2  
  135  10:02  Marauder  
  134  10:09  Marine x2  
  134  10:10  Marine  
  134  10:12  Marine  
  138  10:19  Marauder  
  140  10:25  Marauder x2  
  128  10:40  Marauder  
  117  10:42  Marine  
  117  10:43  Marine x2  
  117  10:44  SCV x2  
  117  10:46  Marauder x2  
  117  10:47  Medivac  
  117  10:48  Medivac  
  124  10:52  Marine  
  122  11:00  Marine x3  
  122  11:01  Siege Tank  
  122  11:02  Marauder  
  129  11:08  Marauder  
  129  11:11  Marine x2  
  125  11:20  Marine x2, Barracks x2  
  125  11:21  Marine  
  125  11:23  Marauder  
  130  11:29  Marauder  
  130  11:34  Marauder  
  130  11:35  Medivac x2  
  130  11:38  Marine x2  
  138  11:44  Marauder  
  138  11:46  Marine x2  
  132  11:50  Marauder  
  115  11:55  Marauder  
Show
View Real Time Build Order
Export as new Build Order

Bunny Terran - Winner!

Build Orders: Cyclone Opening 

Get SALT Encoding   

  12  0:00  SCV  
  13  0:13  SCV  
  14  0:17  Supply Depot  
  14  0:25  SCV  
  15  0:29  Refinery  
  15  0:39  SCV  
  16  0:45  Barracks  
  16  0:51  SCV  
  17  0:57  Refinery  
  17  1:03  SCV  
  18  1:15  SCV  
  19  1:31  Reaper  
  19  1:32  Orbital Command  
  20  1:36  Factory  
  20  1:45  Supply Depot  
  20  1:57  SCV  
  21  2:04  Reaper  
  22  2:10  SCV  
  23  2:20  Cyclone  
  23  2:22  SCV  
  27  2:34  Command Center  
  27  2:37  Barracks Reactor  
  27  2:38  SCV  
  28  2:45  Supply Depot  
  28  2:50  SCV  
  29  2:53  Hellion  
  30  3:02  SCV  
  30  3:05  Starport  
  31  3:14  SCV  
  31  3:18  Cyclone, Marine  
  35  3:20  Marine  
  36  3:28  SCV  
  37  3:36  Marine  
  37  3:38  Marine  
  39  3:45  Supply Depot, SCV, Medivac  
  42  3:50  Orbital Command  
  42  3:57  Cyclone  
  42  3:59  SCV  
  42  4:01  Marine  
  47  4:03  Marine  
  47  4:09  Supply Depot  
  48  4:12  SCV  
  48  4:16  SCV  
  50  4:21  Viking  
  50  4:24  SCV  
  53  4:30  Cyclone  
  56  4:32  SCV  
  56  4:36  SCV  
  55  4:38  Marine x2  
  55  4:44  SCV  
  58  4:46  Supply Depot  
  58  4:48  SCV  
  57  4:56  Marine x2  
  57  4:57  SCV  
  57  5:00  SCV  
  57  5:02  Cyclone  
  59  5:09  SCV  
  59  5:12  SCV  
  45  5:14  Marine x2  
  35  5:37  SCV x2  
  37  5:49  Cyclone, SCV x2  
  45  5:50  Starport Tech Lab, Cyclone  
  45  6:01  SCV  
  45  6:02  SCV  
  47  6:05  Command Center  
  47  6:13  SCV  
  47  6:14  SCV  
  47  6:17  Refinery  
  52  6:19  Refinery  
  52  6:25  Cyclone x2  
  54  6:26  SCV x2  
  56  6:37  Viking  
  56  6:38  SCV  
  56  6:39  SCV  
  60  6:48  Supply Depot  
  60  6:50  SCV  
  60  6:51  SCV  
  62  6:56  Supply Depot  
  62  6:57  Hellion x2  
  65  7:06  SCV x2  
  65  7:07  Factory  
  67  7:08  Factory  
  67  7:12  Barracks Tech Lab  
  67  7:16  Starport Reactor  
  67  7:17  Orbital Command  
  67  7:18  SCV x2  
  67  7:19  Hellion x2  
  73  7:25  Engineering Bay  
  73  7:30  SCV x2  
  75  7:40  Cyclone x2  
  75  7:43  Armory  
  75  7:44  Orbital Command  
  81  7:46  SCV x2  
  83  7:58  SCV x2  
  83  8:03  Siege Tank x2  
  91  8:10  Orbital Command  
  95  8:13  Hellion x2  
  95  8:15  Viking x2  
  99  8:23  Supply Depot  
  99  8:26  SCV x2  
  97  8:31  Liberator  
  103  8:35  Hellion x2  
  103  8:38  Siege Tank x2  
  104  8:51  SCV x2  
  104  8:53  Supply Depot x2  
  106  8:57  Hellion x2  
  106  9:00  Command Center  
  106  9:01  Terran Vehicle Weapons Level 1  
  110  9:12  Siege Tank  
  110  9:15  Hellion  
  112  9:18  Hellion x2  
  116  9:25  Supply Depot  
  116  9:27  Missile Turret x2, Medivac  
  116  9:30  Supply Depot  
  116  9:31  Medivac  
  120  9:37  Hellion  
  122  9:44  Siege Tank  
  125  9:53  Hellbat  
  125  9:54  Missile Turret, Infernal Pre-Igniter, Hellbat  
  125  9:58  Missile Turret  
  129  10:08  Siege Tank  
  132  10:15  Hellbat x2  
  136  10:23  Missile Turret  
  136  10:25  Siege Tank  
  135  10:28  Orbital Command  
  135  10:36  Hellbat x2  
  135  10:39  SCV x2  
  135  10:40  Siege Tank  
  126  10:53  Orbital Command  
  126  10:55  SCV x3  
  128  10:57  Hellbat  
  128  10:58  Hellbat x2  
  131  11:04  Viking  
  130  11:11  Viking  
  130  11:12  Hellbat  
  130  11:15  Refinery  
  130  11:16  Refinery  
  130  11:18  Cyclone  
  137  11:19  Cyclone, Hellion  
  142  11:33  Hellion  
  142  11:37  Viking  
  146  11:40  Cyclone  
  146  11:45  Viking  
  145  11:51  Hellion  
  145  11:53  SCV x3  
  143  11:55  Hellion  
Tags
 
Add a new tag
Caveats
  • Supply blocks, unpowered buildings, or Contaminate may cause inaccurate times.
  • Supply counts are checked every 10 seconds.